 Dungeon Crawl Stone Soup version 0.21.1-1-g345015fe64 (webtiles) character file.

334 Kohma the Slasher (level 6, 0/44 HPs)
             Began as a Demonspawn Gladiator on June 20, 2018.
             Slain by a goblin (5 damage)
             ... led by Robin
             ... on level 3 of the Dungeon.
             The game lasted 00:08:56 (3099 turns).

Kohma the Slasher (Demonspawn Gladiator)            Turns: 3099, Time: 00:08:56

Health: 0/44       AC:  9    Str: 16    XL:     6   Next: 27%
Magic:  6/6        EV:  7    Int:  9    God:
Gold:   101        SH:  0    Dex: 15    Spells: 5/5 levels left

rFire    . . .     SeeInvis .   a - +0 long sword
rCold    + . .     Gourm    .   (no shield)
rNeg     . . .     Faith    .   e - +0 chain mail
rPois    .         Spirit   .   c - +0 helmet
rElec    .         Reflect  .   (no cloak)
rCorr    .         Harm     .   (no gloves)
MR       .....                  (no boots)
Stlth    ..........             (no amulet)
HPRegen  0.14/turn              (no ring)
MPRegen  0.10/turn              (no ring)

@: no status effects
A: claws 2, cold resistance 1
a: no special abilities


You were on level 3 of the Dungeon.
You were not hungry.

You visited 1 branch of the dungeon, and saw 3 of its levels.

You collected 101 gold pieces.

Inventory:

Hand Weapons
 a - a +0 long sword (weapon)
Missiles
 d - 2 throwing nets (quivered)
Armour
 c - a +0 helmet (worn)
 e - a +0 chain mail (worn)
Jewellery
 i - an uncursed ring of poison resistance {unknown}
Scrolls
 b - a scroll of fear {unknown}
 g - 4 scrolls of identify {unknown}
 j - a scroll of enchant weapon {unknown}
 k - 2 scrolls of remove curse {unknown}
 m - 2 scrolls of teleportation {unknown}
Potions
 h - a potion of curing {unknown}
 l - a potion of resistance {unknown}
Comestibles
 f - 2 rations
 n - a chunk of flesh


   Skills:
 - Level 2.0 Fighting
 + Level 6.4 Long Blades
 - Level 1.7 Throwing
 - Level 2.6 Dodging
 - Level 0.2 Unarmed Combat


You had 5 spell levels left.
You didn't know any spells.

Dungeon Overview and Level Annotations

Branches:
Dungeon (3/15)

Altars:
Ashenzari
Cheibriados
Ru

Annotations:
D:3 Grinder, Robin


Innate Abilities, Weirdness & Mutations

You have very sharp fingernails.
Your flesh is cold resistant. (rC+)


Message History

You closely miss the goblin. The hobgoblin closely misses you.
The goblin barely misses you.
The goblin hits you but does no damage. x2
The goblin hits you.
The hobgoblin hits you but does no damage.
Robin throws the goblin at you!
A goblin comes into view. It is wielding a club.
You barely miss the goblin.
The goblin shouts!
The hobgoblin hits you but does no damage.
The goblin hits you. The goblin closely misses you.
The goblin hits you but does no damage. The goblin closely misses you.
The goblin hits you.
* * * LOW HITPOINT WARNING * * *
The hobgoblin hits you with a club.
* * * LOW HITPOINT WARNING * * *
You slash the goblin!
You kill the goblin!
The hobgoblin barely misses you. The goblin hits you but does no damage.
The goblin hits you.
You die...

##..........#....(#...
#...........+.....# ..
#........####.....#...
#..###...# #.....#..# .
#........####.....#...
..#.....###......####...
................. ....
......gg......... ....
......g@g....... ....
.....gggg....... ....
......g.......( ....
....##>..##.... ....
.... #.g.# #### #### ...
#.g.# .. #...# #...#


You could see Robin, 2 hobgoblins and 8 goblins.

Vanquished Creatures
  Sigmund (D:3)
  An orc wizard (D:2)
  3 adders (D:3)
  An adder skeleton (D:2)
  An adder zombie (D:2)
  4 worms
  3 dart slugs
  2 leopard geckos
  2 orcs (D:2)
  8 bats
  A bat skeleton (D:2)
  A bat zombie (D:2)
  4 giant cockroaches
  11 goblins
  8 hobgoblins
  6 jackals
  7 kobolds
  2 quokkas
  4 frilled lizards
  A leopard gecko zombie (D:2)
  A quokka skeleton (D:2)
  A quokka zombie (D:2)
  14 rats
87 creatures vanquished.

Notes
Turn   | Place    | Note
-------+----------+-------------------------------------------
     0 | D:1      | Kohma the Demonspawn Gladiator began the quest for the Orb.
     0 | D:1      | Reached XP level 1. HP: 16/16 MP: 1/1
    23 | D:1      | Reached skill level 3 in Long Blades
    49 | D:1      | Gained mutation: Your flesh is cold resistant. (rC+) [demonic ancestry]
    49 | D:1      | Reached XP level 2. HP: 9/22 MP: 2/2
   525 | D:1      | Gained mutation: You have sharp fingernails. [demonic ancestry]
   525 | D:1      | Reached XP level 3. HP: 25/27 MP: 3/3
   729 | D:1      | Reached skill level 4 in Long Blades
  1022 | D:2      | Found a shattered altar of Ashenzari.
  1134 | D:2      | Found a sacrificial altar of Ru.
  1409 | D:2      | Gained mutation: You have very sharp fingernails. [demonic ancestry]
  1409 | D:2      | Reached XP level 4. HP: 31/33 MP: 4/4
  1811 | D:3      | Noticed Grinder
  1857 | D:2      | Reached skill level 5 in Long Blades
  2099 | D:2      | Reached XP level 5. HP: 35/38 MP: 5/5
  2539 | D:3      | Noticed Sigmund
  2611 | D:3      | HP: 1/38 [Sigmund/scythe (10)]
  2613 | D:3      | Killed Sigmund
  2613 | D:3      | Reached skill level 6 in Long Blades
  2613 | D:3      | Reached XP level 6. HP: 1/44 MP: 6/6
  3075 | D:3      | Found a snail-covered altar of Cheibriados.
  3090 | D:3      | Noticed Robin
  3099 | D:3      | Slain by a goblin

Skill      XL: |  1  2  3  4  5 |
---------------+----------------+-----
Long Blades    | 3 4 5 6 |  6.4
Fighting       | |  2.0
Throwing       | |  1.7
Dodging        | |  2.6
Unarmed Combat | |  0.2

Action                   |  1- 3 |  4- 6 || total
-------------------------+-------+-------++-------
Melee: Long sword        |   181 |   125 ||   306
       Unarmed           |       |    13 ||    13
Throw: Throwing net      |       |     3 ||     3
 Stab: Held in net/web   |       |     2 ||     2
  Eat: Chunk             |     2 |     2 ||     4
       Ration            |       |     1 ||     1
Armor: Leather armour    |     4 |       ||     4
       Chain mail        |   135 |   129 ||   264
Dodge: Dodged            |    97 |    70 ||   167
       Rpst.: Long sword |    39 |    19 ||    58
